AoeStats
← Nico57064

Arabia

508533444Analyzed
3v3 RM · 9d ago on Sep 22, 2026· 46m 1s· 6 players
Game mode
Random Map
Map size
Normal (6 player)
Population
200
Speed
Normal
Resources
Standard
Victory
Conquest
Starting age
Dark Age
Ending age
Imperial Age
RankedLock teamsTeams togetherTeam positionsShared explorationLock speedFull tech treeHidden civsTurbo modeCheats
Victory
Defeat
🇬🇧 Bengalis · United Kingdom
885
+18
🇬🇧 Tatars · United Kingdom
852
+19
🇬🇧 Magyars · United Kingdom
834
+19
🇦🇷 Vikings · Argentina
1043
-24
🇦🇷 Aztecs · Argentina
877
-17
🇦🇷 Chinese · Argentina
826
-15
pls let me win
10:01 Feudal Age
8:17 Loom
10:55 Horse Collar
11:03 Double-Bit Axe
14:01 Wheelbarrow
15:59 Town Watch
22:29 Castle Age
20:30 Fletching
23:27 Hand Cart
23:38 Bow Saw
23:38 Heavy Plow
25:37 Town Patrol
26:20 Scale Barding Armor
26:12 Bodkin Arrow
27:04 Scale Barding Armor
29:28 Ballistics
29:27 Gold Mining
29:29 Treadmill Crane
32:26 Gold Shaft Mining
32:18 Chain Barding Armor
32:00 Padded Archer Armor
32:21 Chain Barding Armor
32:22 Stone Mining
35:26 Imperial Age
34:41 Fervor
34:28 Murder Holes
35:24 Elite Skirmisher
37:49 Bracer
38:04 Leather Archer Armor
38:19 Conscription
41:13 Chemistry
44:32 Timurid Siegecraft
45:27 Ring Archer Armor
Xeph
5:48 Loom
11:04 Feudal Age
12:43 Double-Bit Axe
15:22 Bloodlines
15:56 Scale Barding Armor
16:53 Wheelbarrow
17:52 Horse Collar
25:27 Castle Age
28:39 Husbandry
28:47 Scale Mail Armor
28:46 Stone Mining
33:24 Hand Cart
32:55 Town Watch
33:12 Gold Mining
46:17 Imperial Age
ʚ♡ɞ Mr. Yung Prime Shopper
8:07 Loom
12:09 Feudal Age
12:36 Double-Bit Axe
12:42 Horse Collar
17:38 Wheelbarrow
22:32 Castle Age
21:35 Scale Barding Armor
21:36 Stone Mining
21:58 Gold Mining
22:34 Scale Mail Armor
23:46 Bow Saw
23:51 Heavy Plow
23:17 Man-at-Arms
23:43 Gambesons
23:59 Squires
24:58 Long Swordsman
26:30 Hand Cart
33:42 Gold Shaft Mining
40:16 Imperial Age
40:45 Chain Mail Armor
40:41 Forging
40:44 Two-Handed Swordsman
43:22 Iron Casting
45:59 Blast Furnace
45:00 Padded Archer Armor
44:50 Fletching
45:11 Elite Battle Elephant
45:52 Husbandry
Jean_Claude
7:12 Loom
9:38 Feudal Age
10:07 Double-Bit Axe
13:42 Gold Mining
15:35 Horse Collar
22:49 Castle Age
22:24 Fletching
22:35 Padded Archer Armor
24:02 Crossbowman
28:33 Bow Saw
31:02 Bodkin Arrow
34:38 Ballistics
34:48 Leather Archer Armor
38:53 Imperial Age
36:25 Elite Skirmisher
38:39 Masonry
39:21 Light Cavalry
42:04 Ring Archer Armor
43:01 Forging
45:48 Scale Barding Armor
T3mistocles
7:29 Loom
9:42 Feudal Age
10:49 Double-Bit Axe
17:00 Horse Collar
21:48 Wheelbarrow
26:29 Castle Age
26:59 Pikeman
28:51 Crossbowman
33:51 Fletching
34:11 Forging
35:48 Thumb Ring
37:48 Squires
40:54 Bow Saw
42:11 Arson
46:16 Great Wall
Nico57064
5:45 Loom
12:53 Feudal Age
20:03 Forging
19:54 Scale Mail Armor
20:56 Arson
23:38 Castle Age
27:45 Eagle Warrior
29:39 Iron Casting
30:31 Chain Mail Armor
31:15 Squires
31:42 Gambesons
32:34 Fletching
32:49 Double-Bit Axe
32:58 Gold Mining
34:04 Bow Saw
34:57 Horse Collar
34:53 Crossbowman
35:33 Bodkin Arrow
36:33 Wheelbarrow
40:11 Padded Archer Armor
41:18 Hand Cart
46:34 Imperial Age
44:33 Leather Archer Armor
Connection lost

Rejoining the realm…

Still unreachable

The connection could not be restored.

Session expired

The server has moved on; the page needs a fresh start.